 Dungeon Crawl Stone Soup version 0.21-a0-529-g8c7b3f5 (webtiles) character file.

401 Amnesiac the Chucker (level 6, -2/63 HPs)
             Began as an Ogre Arcane Marksman on Dec 11, 2017.
             Slain by a worker ant (7 damage)
             ... on level 4 of the Dungeon.
             The game lasted 00:10:28 (4014 turns).

Amnesiac the Chucker (Ogre Arcane Marksman)         Turns: 4014, Time: 00:10:29

Health: -2/63      AC:  3    Str: 20    XL:     6   Next: 85%
Magic:  4/9        EV: 11    Int: 15    God:
Gold:   125        SH:  0    Dex: 10    Spells: 6/9 levels left

rFire    . . .     SeeInvis .   a - +0 hunting sling
rCold    . . .     Gourm    .   (no shield)
rNeg     . . .     Faith    .   g - +0 robe
rPois    .         Spirit   .   (helmet restricted)
rElec    .         Reflect  .   (no cloak)
rCorr    .         Harm     .   (gloves unavailable)
MR       .....                  (boots unavailable)
Stlth    +.........             (no amulet)
HPRegen  0.20/turn              p - +1 ring of evasion
MPRegen  0.11/turn              (no ring)

@: mighty, lethally poisoned (-2 -> -28)
A: large, unfitting armour, tough skin 1
a: no special abilities


You were on level 4 of the Dungeon.
You were not hungry.

You visited 1 branch of the dungeon, and saw 4 of its levels.

You collected 125 gold pieces.

Inventory:

Hand Weapons
 a - a +0 hunting sling (weapon)
 b - a +2 dagger of venom
Missiles
 c - 4 large rocks (quivered)
 d - 2 throwing nets
 h - 102 stones
 o - 35 poisoned needles
 s - 3 tomahawks
 t - 13 sling bullets
 G - 2 needles of sleeping
Armour
 g - a +0 robe (worn)
Jewellery
 p - a +1 ring of evasion (left hand)
 y - an uncursed ring of stealth {unknown}
 E - an uncursed ring of magical power {unknown}
Wands
 J - a wand of enslavement (13)
Scrolls
 e - 4 scrolls of identify {!r, unknown}
 i - 2 scrolls of blinking {!r, unknown}
 m - 2 scrolls of fear {!r, unknown}
 n - a scroll of magic mapping {!r, unknown}
 r - a scroll of random uselessness {!r, unknown}
 u - 3 scrolls of remove curse {!r, unknown}
 w - a scroll of enchant weapon {!r, unknown}
 x - a scroll of fog {!r, unknown}
 A - a scroll of immolation {!r, unknown}
 D - 2 scrolls of enchant armour {!r, unknown}
 H - a scroll of teleportation {!r, unknown}
Potions
 j - a potion of might {!q}
 k - a potion of degeneration {!q, unknown}
 q - a potion of lignification {!q, unknown}
 v - a potion of cancellation {!q, unknown}
 C - a potion of curing {!q, unknown}
Books
 l - a book of Debilitation

   Spells                             Type                      Level
   a - Corona                         Hexes                        1
   b - Slow                           Hexes                        2
   c - Inner Flame                    Hexes/Fire                   3
   d - Portal Projectile              Hexes/Translocation          3
   e - Cause Fear                     Hexes                        4
   f - Leda's Liquefaction            Hexes/Earth                  4
 B - a book of Minor Magic

   Spells                             Type                      Level
   a - Magic Dart                     Conjuration                  1
   b - Blink                          Translocation                2
   c - Call Imp                       Summoning                    2
   d - Slow                           Hexes                        2
   e - Conjure Flame                  Conjuration/Fire             3
   f - Mephitic Cloud                 Conjuration/Poison/Air       3
Comestibles
 f - a bread ration
 z - 2 meat rations
 F - a royal jelly
 I - 3 chunks of flesh


   Skills:
 + Level 4.5 Fighting
 * Level 5.3 Throwing
 - Level 1.7 Dodging
 - Level 2.0 Spellcasting
 + Level 3.6 Hexes


You had 6 spell levels left.
You knew the following spells:

 Your Spells              Type           Power        Failure   Level  Hunger
a - Corona                Hex            ##.....      4%          1    #......
e - Slow                  Hex            ##......     8%          2    ###....


Dungeon Overview and Level Annotations

Branches:
Dungeon (4/15)
 Temple: D:4-7

Altars:


Innate Abilities, Weirdness & Mutations

You are too large for most types of armour.
You have tough skin. (AC +1)


Message History

Firing (i - inventory. (,) - cycle):
t - 19 sling bullets (quivered)
Press: ? - help, Shift-Dir - straight line, f/p - worker ant
Aim: a worker ant (almost dead, softly glowing)
You shoot a sling bullet.
The sling bullet barely misses the worker ant.
The sling bullet hits the frilled lizard.
You kill the frilled lizard!
The worker ant barely misses you.
Firing (i - inventory. (,) - cycle):
t - 18 sling bullets (quivered)
Press: ? - help, Shift-Dir - straight line, f/p - worker ant
Aim: a worker ant (almost dead, softly glowing)
You shoot a sling bullet.
The sling bullet barely misses the worker ant.
The sling bullet hits the iguana but does no damage.
The worker ant stops glowing.
The worker ant bites you.
* * * LOW HITPOINT WARNING * * *
You are poisoned.
The worker ant poisons you! The worker ant barely misses you.
Firing (i - inventory. (,) - cycle):
t - 17 sling bullets (quivered)
Press: ? - help, Shift-Dir - straight line, f/p - worker ant
Aim: a worker ant (almost dead)
You shoot a sling bullet.
The sling bullet barely misses the worker ant.
The sling bullet completely misses the iguana.
You feel sick. The worker ant bites you!
* * * LOW HITPOINT WARNING * * *
You are more poisoned.
The worker ant poisons you!
Firing (i - inventory. (,) - cycle):
t - 16 sling bullets (quivered)
Press: ? - help, Shift-Dir - straight line, f/p - worker ant
Aim: a worker ant (almost dead)
You shoot a sling bullet.
The sling bullet closely misses the worker ant.
The sling bullet hits the iguana but does no damage.
You feel sick. The worker ant barely misses you.
Firing (i - inventory. (,) - cycle):
t - 15 sling bullets (quivered)
Press: ? - help, Shift-Dir - straight line, f/p - worker ant
Aim: a worker ant (almost dead)
You shoot a sling bullet.
The sling bullet barely misses the worker ant.
The sling bullet completely misses the iguana.
You feel sick.
The worker ant bites you but does no damage.
Firing (i - inventory. (,) - cycle):
t - 14 sling bullets (quivered)
Press: ? - help, Shift-Dir - straight line, f/p - worker ant
Aim: a worker ant (almost dead)
You shoot a sling bullet.
The sling bullet hits the worker ant but does no damage.
The worker ant is almost dead.
You feel sick. The worker ant bites you!
* * * LOW HITPOINT WARNING * * *
You are lethally poisoned!
The worker ant poisons you! The worker ant bites you.
* * * LOW HITPOINT WARNING * * *
You are more poisoned.
The worker ant poisons you!
Quiver which item? (- for none, * to show all) (? for menu, Esc to quit)
Quivering
c - 4 large rocks for throwing.
Really quaff
j - 2 murky amethyst potions {!q}?
It was a potion of might {!q}.
You feel very mighty all of a sudden.
* * * LOW HITPOINT WARNING * * *
You feel sick. The worker ant bites you!
You die...

#....# #............
#....## #.........#'#
#.....# #.........#.#
#.....# #.........+..
#.....# #.........#.#
#.....## #...........#
#.....l# ##.#####+#..#
######a## #.#####.#..#
#@.# #.......#..#
##.####.......#..#
########..##........#..#
#.........##........#...
#....[....##........#.##
#.........##........#..#
#..........#........##)#
#..........#........##.#
#................#####.#


You could see an iguana and a worker ant.

Vanquished Creatures
  2 howler monkeys (D:4)
  2 hounds (D:4)
  3 orc priests
  4 gnolls
  3 adders
  A worm (D:3)
  2 dart slugs
  3 leopard geckos
  11 orcs
  4 giant cockroaches (D:1)
  7 goblins
  9 hobgoblins
  7 jackals (D:4)
  12 kobolds
  A quokka (D:2)
  10 bats
  7 frilled lizards
  A leopard gecko skeleton (D:3)
  12 rats
101 creatures vanquished.

Notes
Turn   | Place    | Note
-------+----------+-------------------------------------------
     0 | D:1      | Amnesiac the Ogre Arcane Marksman began the quest for the Orb.
     0 | D:1      | Reached XP level 1. HP: 19/19 MP: 2/2
   244 | D:1      | Reached XP level 2. HP: 20/29 MP: 0/3
   515 | D:1      | Reached XP level 3. HP: 35/37 MP: 3/5
  1178 | D:2      | Reached skill level 3 in Throwing
  1315 | D:2      | Reached XP level 4. HP: 45/45 MP: 4/6
  1328 | D:2      | Learned a level 2 spell: Slow
  2291 | D:3      | Reached skill level 4 in Throwing
  2291 | D:3      | Reached XP level 5. HP: 36/53 MP: 3/7
  3658 | D:4      | Reached XP level 6. HP: 60/62 MP: 7/9
  3761 | D:4      | Reached skill level 5 in Throwing
  4014 | D:4      | Slain by a worker ant

Vault maps used:
D:1:      lemuel_arrival_lava_pool
D:3:      moated_statue
D:4:      minmay_temple_entry_nine_rooms, enter_ossuary_3

Skill      XL: |  1  2  3  4  5  6 |
---------------+-------------------+-----
Fighting       | 2 3 4 |  4.5
Hexes          | 3 |  3.6
Throwing       | 3 4 5 |  5.3
Spellcasting   | 2 |  2.0
Dodging        | |  1.7

Action                   |  1- 3 |  4- 6 || total
-------------------------+-------+-------++-------
Melee: Unarmed           |    22 |       ||    22
       Dagger            |     3 |       ||     3
 Fire: Hunting sling     |   106 |   215 ||   321
Throw: Large rock        |     6 |     3 ||     9
 Cast: Corona            |    34 |    50 ||    84
       Slow              |       |     8 ||     8
  Use: Potion            |       |     1 ||     1
  Eat: Chunk             |     2 |    10 ||    12
Armor: Robe              |    32 |    32 ||    64
Dodge: Dodged            |    54 |    98 ||   152

Table legend:
 A = Spawn XP
 B = Non-spawn XP
 C = Spawn XP percentage of total XP
 D = Spawn monster count
 E = Non-spawn monster count
 F = Spawn count percentage of total count
 G = Total turns spent on level
                    A         B        C        D         E        F      G
               +---------+---------+-------+---------+---------+-------+---------
         Total |       0 |     573 |   0.0 |       0 |     101 |   0.0 |  4014
               +---------+---------+-------+---------+---------+-------+---------
           D:1 |       0 |      43 |   0.0 |       0 |      25 |   0.0 |   978
           D:2 |       0 |      87 |   0.0 |       0 |      29 |   0.0 |  1154
           D:3 |       0 |     164 |   0.0 |       0 |      29 |   0.0 |  1512
           D:4 |       0 |     279 |   0.0 |       0 |      18 |   0.0 |   370
               +---------+---------+-------+---------+---------+-------+---------
